AoeStats
← Herby

Arena

505596670Analyzed
4v4 RM · 22d ago on Sep 10, 2026· 31m 36s· 8 players
Game mode
Random Map
Map size
Large (8 player)
Population
200
Speed
Normal
Resources
Standard
Victory
Conquest
Starting age
Dark Age
Ending age
Imperial Age
RankedLock teamsTeams togetherTeam positionsShared explorationLock speedFull tech treeHidden civsTurbo modeCheats
Victory
Defeat
🇲🇽 Romans · Mexico
1421
+16
🇯🇵 Turks · Japan
1413
+17
🇲🇽 Mapuche · Mexico
1412
+17
🇺🇸 Poles · United States
1412
+17
1615
-25
🇨🇱 Romans · Chile
1400
-15
🇺🇸 Italians · United States
1365
-14
🇨🇱 Persians · Chile
1346
-13
AKZosima
10:58 Feudal Age
15:06 Castle Age
13:08 Double-Bit Axe
13:05 Horse Collar
14:53 Loom
16:13 Heavy Plow
17:05 Bow Saw
20:51 Wheelbarrow
20:55 Gold Mining
21:14 Scale Barding Armor
22:21 Chain Barding Armor
22:56 Bloodlines
22:59 Forging
24:55 Szlachta Privileges
26:26 Hand Cart
27:34 Husbandry
28:26 Iron Casting
28:55 Scale Mail Armor
29:00 Arson
31:41 Chain Mail Armor
Herby
7:46 Loom
10:11 Feudal Age
13:40 Castle Age
11:58 Double-Bit Axe
12:45 Gold Mining
14:44 Bow Saw
24:00 Redemption
28:05 Ballistics
31:12 Wheelbarrow
nanakusa
6:48 Loom
8:58 Feudal Age
9:42 Double-Bit Axe
10:45 Horse Collar
20:57 Castle Age
22:00 Fletching
32:20 Wheelbarrow
[Pb] Komodo 3000
10:06 Feudal Age
12:04 Loom
14:42 Castle Age
15:03 Double-Bit Axe
15:10 Gold Mining
27:42 Forging
EXILE | NOPALITO
6:17 Loom
9:05 Feudal Age
9:48 Double-Bit Axe
10:41 Fletching
13:41 Horse Collar
28:42 Wheelbarrow
EXILE | Princess Ani
11:33 Feudal Age
16:14 Castle Age
15:55 Scale Barding Armor
15:59 Gold Mining
16:24 Forging
17:32 Wheelbarrow
22:17 Bloodlines
29:39 Chain Barding Armor
EXILE | Apexpredator
10:34 Feudal Age
14:44 Castle Age
14:01 Wheelbarrow
13:18 Double-Bit Axe
21:10 Scale Barding Armor
21:59 Fortified Wall
23:01 Loom
24:02 Hand Cart
26:33 Ballistics
26:10 Fletching
26:33 Murder Holes
EXILE | Tulita de 2 cm oxidada
5:10 Loom
8:19 Feudal Age
9:11 Double-Bit Axe
11:14 Fletching
13:38 Horse Collar
22:04 Castle Age
23:18 Bow Saw
25:21 Scale Mail Armor
26:30 Pikeman
27:56 Chain Mail Armor
Connection lost

Rejoining the realm…

Still unreachable

The connection could not be restored.

Session expired

The server has moved on; the page needs a fresh start.